 Dungeon Crawl Stone Soup version 0.21.1-1-g345015fe64 (webtiles) character file.

8341 Gargoyl the Spear-Bearer (level 11, -4/91 HPs)
             Began as a Centaur Abyssal Knight on May 21, 2018.
             Was a Priest of Lugonu.
             Slain by a water elemental (7 damage)
             ... on level 12 of the Dungeon.
             The game lasted 00:27:07 (14732 turns).

Gargoyl the Spear-Bearer (Centaur Abyssal Knight)  Turns: 14732, Time: 00:27:07

Health: -4/91      AC: 17    Str: 16    XL:     11   Next: 8%
Magic:  17/17      EV:  0    Int: 13    God:    Lugonu [***...]
Gold:   261        SH:  0    Dex: 11    Spells: 10/10 levels left

rFire    . . .     SeeInvis .   e - +4 demon trident (drain)
rCold    + . .     Gourm    .   v - +0 buckler
rNeg     . . .     Faith    .   s - +1 crystal plate armour
rPois    .         Spirit   .   (no helmet)
rElec    +         Reflect  +   r - +0 cloak
rCorr    .         Harm     .   (no gloves)
MR       .....                  (no barding)
Stlth    ..........             o - +2 amulet of reflection
HPRegen  0.25/turn              l - ring of protection from cold
MPRegen  0.15/turn              b - +2 ring of intelligence

@: confused, engulfed (cannot breathe), very quick
A: large, hooves 3, deformed body, speed 2, mutation resistance 1, screaming 1,
electricity resistance, tough skin 3
a: Depart the Abyss, Bend Space, Banish, Renounce Religion


You were on level 12 of the Dungeon.
You worshipped Lugonu.
Lugonu was most pleased with you.
You were not hungry.

You visited 1 branch of the dungeon, and saw 11 of its levels.
You visited the Abyss 2 times.

You collected 477 gold pieces.
You spent 216 gold pieces at shops.

Inventory:

Hand Weapons
 e - a +4 demon trident of draining (weapon)
 f - a +5 hand axe
 G - a +4 hand axe
Armour
 m - a +0 helmet
 r - a +0 cloak (worn)
 s - a +1 crystal plate armour (worn)
 v - a +0 buckler (worn)
Jewellery
 b - a +2 ring of intelligence (right hand)
 d - an uncursed ring of flight
 l - a ring of protection from cold (left hand)
 o - a +2 amulet of reflection (around neck)
Wands
 n - a wand of paralysis (10)
 q - a wand of flame (29)
 u - a wand of polymorph (35)
 y - a wand of acid (7)
 D - a wand of digging (16)
 E - a wand of random effects (39)
 I - a wand of iceblast (3)
Scrolls
 g - 6 scrolls of teleportation
 j - 3 scrolls of fog
 p - a scroll of identify
 t - 2 scrolls of magic mapping
 A - 3 scrolls of remove curse
 B - 3 scrolls of amnesia
Potions
 h - a potion of cancellation
 w - 3 potions of invisibility
 x - 3 potions of flight
Books
 z - a book of Changes

   Spells                             Type                      Level
   a - Beastly Appendage              Transmutation                1
   b - Sticks to Snakes               Transmutation                2
   c - Spider Form                    Transmutation/Poison         3
   d - Ice Form                       Ice/Transmutation            4
   e - Blade Hands                    Transmutation                5
 H - a book of Air

   Spells                             Type                      Level
   a - Shock                          Conjuration/Air              1
   b - Swiftness                      Charms/Air                   2
   c - Static Discharge               Conjuration/Air              3
   d - Airstrike                      Air                          4
   e - Lightning Bolt                 Conjuration/Air              5
Comestibles
 c - 14 rations


   Skills:
 + Level 6.6 Fighting
 + Level 1.8(5.9) Axes
 + Level 8.8(9.0) Polearms
 * Level 7.5 Armour
 + Level 1.1 Dodging
 + Level 3.2 Shields
 * Level 8.3 Invocations


You had 10 spell levels left.
You didn't know any spells.

Dungeon Overview and Level Annotations

Branches:
Dungeon (10/15)            Temple (0/1) D:4             Orc (0/2) D:10
   Lair: D:8-11

Altars:
Cheibriados
Dithmenos
Hepliaklqana
Kikubaaqudgha
Nemelex Xobeh
Qazlal
Trog
Zin
The Shining One

Shops:
D:5 *


Innate Abilities, Weirdness & Mutations

You have hooves in place of feet.
Armour fits poorly on your strangely shaped body.
You cover ground very quickly.
You have extremely tough skin. (AC +3)
You are somewhat resistant to further mutation.
You occasionally shout uncontrollably at your foes.
You are resistant to electric shocks. (rElec)


Message History

* * * LOW HITPOINT WARNING * * *
You are confused.
You feel invigorated.
* * * LOW HITPOINT WARNING * * *
Your lungs strain for air!
The water elemental hits you.
The electric eel shoots out a bolt of lightning at you!
The bolt of electricity hits you! You resist.
* * * LOW HITPOINT WARNING * * *
You hit the water elemental but do no damage.
You kick the water elemental.
The water elemental is lightly damaged.
* * * LOW HITPOINT WARNING * * *
Your lungs strain for air!
The electric eel shoots out a bolt of lightning at you!
The bolt of electricity hits the plant.
The bolt of electricity hits you! You resist.
* * * LOW HITPOINT WARNING * * *
The water elemental hits you!
You die...

;≈...≈≈
≈P..;♣≈
PP...≈≈
P≈..≈.≈
≈≈....P
♣♣≈≈..;≈≈
##≈♣≈P.≈≈P
#..≈♣≈..♣
#@..≈≈....
#E..♣♣....
#......###
#.$...##
#######


You could see a water elemental and 2 electric eels.

Vanquished Creatures
  Psyche (D:8)
  A large abomination (Abyss:1)
  A queen bee (D:8)
  A hornet (D:8)
  3 hippogriffs
  A ynoxinul (Abyss:1)
  A wyvern (D:12)
  A steam dragon (D:8)
  2 golden eyes (Abyss:1)
  Menkaure (D:5)
  A neqoxec (Abyss:1)
  A soldier ant (D:10)
  Duvessa (D:6)
  A water moccasin (D:9)
  A hornet zombie (D:8)
  An orc warrior (D:10)
  2 ogres
  5 centaurs
  A crocodile (D:8)
  3 bullfrogs
  3 scorpions
  Dowan (D:6)
  31 killer bees
  7 wights (D:9)
  2 howler monkeys
  9 crimson imps
  2 centaur zombies
  7 hounds
  2 jellies
  13 orc wizards
  Crazy Yiuf (D:2)
  2 centaur skeletons
  10 orc priests
  2 iguanas (D:8)
  An iron imp (D:7)
  Jessica (D:2)
  Ijyb (D:8)
  5 worker ants
  A hound zombie (D:4)
  A hound skeleton (D:9)
  2 worker ant zombies
  A howler monkey zombie (D:6)
  11 gnolls
  A howler monkey skeleton (D:4)
  7 adders
  3 shadow imps
  2 oozes
  An adder skeleton (D:4)
  4 dart slugs
  5 worms
  5 leopard geckos
  52 orcs
  A ball python (D:3)
  5 giant cockroaches
  8 goblins
  14 hobgoblins
  11 jackals
  6 kobolds
  7 quokkas
  A ball python zombie (D:5)
  9 bats
  4 frilled lizards
  A goblin skeleton (D:7)
  A goblin zombie (D:7)
  2 hobgoblin zombies (D:7)
  2 kobold zombies (D:7)
  2 leopard gecko skeletons (D:4)
  A quokka zombie (D:6)
  16 rats
317 creatures vanquished.

Vanquished Creatures (others)
  A two-headed ogre (D:7)
  An orc priest (D:4)
  2 plants (D:12)
  2 starspawn tentacles (Abyss:3)
6 creatures vanquished.

Grand Total: 323 creatures vanquished

Notes
Turn   | Place    | Note
-------+----------+-------------------------------------------
     0 | Abyss:1  | Gargoyl the Centaur Abyssal Knight began the quest for the Orb.
     0 | Abyss:1  | Reached XP level 1. HP: 19/19 MP: 2/2
   117 | Abyss:3  | Noticed a shining eye
   119 | Abyss:3  | Noticed an apocalypse crab
   120 | Abyss:3  | Noticed a tentacled starspawn
   122 | Abyss:3  | Noticed a swamp dragon
   130 | D:1      | Escaped the Abyss
   249 | D:1      | Reached * piety under Lugonu
   249 | D:1      | Reached XP level 2. HP: 23/26 MP: 3/3
   953 | D:1      | Reached XP level 3. HP: 32/33 MP: 4/4
  1647 | D:2      | Noticed Jessica
  1655 | D:2      | Killed Jessica
  1655 | D:2      | Reached skill level 1 in Polearms
  1655 | D:2      | Reached XP level 4. HP: 24/40 MP: 5/5
  2199 | D:2      | Reached ** piety under Lugonu
  2573 | D:2      | Reached skill level 1 in Dodging
  2573 | D:2      | Reached XP level 5. HP: 16/46 MP: 5/7
  2995 | D:2      | Found a runed door.
  3106 | D:2      | Found a sparkling altar of Nemelex Xobeh.
  3162 | D:2      | Noticed Crazy Yiuf
  3166 | D:2      | Killed Crazy Yiuf
  3472 | D:3      | Found a shadowy altar of Dithmenos.
  4204 | D:4      | Gained mutation: Your system is resistant to poisons. (rPois) [potion of mutation]
  4204 | D:4      | Gained mutation: You are dopey. (Int -2) [potion of mutation]
  4204 | D:4      | Gained mutation: Your flesh is heat resistant. (rF+) [potion of mutation]
  4256 | D:4      | Reached XP level 6. HP: 21/52 MP: 8/8
  4628 | D:4      | Reached *** piety under Lugonu
  5356 | D:4      | Reached XP level 7. HP: 59/59 MP: 9/9
  5365 | D:4      | Found a staircase to the Ecumenical Temple.
  5859 | D:5      | Entered Level 5 of the Dungeon
  5945 | D:5      | Found a snail-covered altar of Cheibriados.
  6172 | D:5      | Found Pegyhealo's Assorted Antiques.
  6319 | D:5      | Noticed Menkaure
  6325 | D:5      | Killed Menkaure
  6325 | D:5      | Reached skill level 1 in Shields
  6387 | D:5      | Found a glowing silver altar of Zin.
  6387 | D:5      | Found a hazy altar of Hepliaklqana.
  6518 | D:5      | Reached XP level 8. HP: 67/67 MP: 11/11
  7249 | D:6      | Reached **** piety under Lugonu
  7249 | D:6      | Reached skill level 5 in Polearms
  7563 | D:6      | Reached skill level 5 in Invocations
  7856 | D:6      | Reached skill level 5 in Fighting
  7940 | D:6      | Noticed Dowan
  7941 | D:6      | Noticed Duvessa
  7975 | D:6      | Killed Duvessa
  7988 | D:6      | Killed Dowan
  8348 | D:7      | Noticed a hippogriff
  8364 | D:7      | Killed a hippogriff
  8364 | D:7      | Reached skill level 5 in Armour
  8364 | D:7      | Reached XP level 9. HP: 54/74 MP: 13/13
  8649 | D:7      | Found a glowing golden altar of the Shining One.
  8844 | D:7      | Reached ***** piety under Lugonu
  9453 | D:7      | Found a bloodstained altar of Trog.
  9647 | D:8      | Found a stormy altar of Qazlal.
  9672 | D:8      | Noticed Psyche
  9704 | D:8      | Killed Psyche
  9854 | D:8      | Noticed a queen bee
  9879 | D:8      | Noticed Ijyb
  9879 | D:8      | Paralysed by Ijyb for 7 turns
  9898 | D:8      | Killed a queen bee
  9900 | D:8      | Killed Ijyb
 10159 | D:8      | Noticed a two-headed ogre
 10512 | D:7      | Banished a two-headed ogre
 10512 | D:7      | Reached XP level 10. HP: 18/83 MP: 5/15
 11494 | D:8      | Found a snail-covered altar of Cheibriados.
 11655 | D:8      | Found an ancient bone altar of Kikubaaqudgha.
 12067 | D:5      | Bought a scroll labeled KEAHASS SOUZO for 27 gold pieces
 12067 | D:5      | Bought a scroll labeled QAHUOG ERIJI for 27 gold pieces
 12067 | D:5      | Bought a scroll labeled FEACUH MILES for 27 gold pieces
 12070 | D:5      | Bought an agate ring for 135 gold pieces
 13284 | D:10     | Entered Level 10 of the Dungeon
 13714 | D:10     | Found a staircase to the Orcish Mines.
 14301 | D:10     | You fall through a shaft for 2 floors!
 14301 | D:12     | Noticed a death knight
 14301 | D:12     | Noticed a phantasmal warrior
 14600 | Abyss:1  | Lost mutation: Your flesh is heat resistant. (rF+) [potion of mutation]
 14600 | Abyss:1  | Lost mutation: You are dopey. (Int -2) [potion of mutation]
 14600 | Abyss:1  | Lost mutation: Your system is resistant to poisons. (rPois) [potion of mutation]
 14600 | Abyss:1  | Gained mutation: Your flesh is cold resistant. (rC+) [potion of mutation]
 14600 | Abyss:1  | Gained mutation: You are dopey. (Int -2) [potion of mutation]
 14600 | Abyss:1  | Gained mutation: You passively map a small area around you. [potion of mutation]
 14600 | Abyss:1  | Gained mutation: You have a pair of small horns on your head. [potion of mutation]
 14601 | Abyss:1  | Lost mutation: You have a pair of small horns on your head. [potion of mutation]
 14601 | Abyss:1  | Lost mutation: Your flesh is cold resistant. (rC+) [potion of mutation]
 14601 | Abyss:1  | Lost mutation: You passively map a small area around you. [potion of mutation]
 14601 | Abyss:1  | Lost mutation: You are dopey. (Int -2) [potion of mutation]
 14601 | Abyss:1  | Gained mutation: You are somewhat resistant to further mutation. [potion of mutation]
 14602 | Abyss:1  | Lost mutation: You are somewhat resistant to further mutation. [potion of mutation]
 14602 | Abyss:1  | Gained mutation: You are resistant to electric shocks. (rElec) [potion of mutation]
 14602 | Abyss:1  | Gained mutation: You are somewhat resistant to further mutation. [potion of mutation]
 14625 | Abyss:1  | Reached XP level 11. HP: 43/91 MP: 15/17
 14717 | Abyss:1  | Gained mutation: You occasionally shout uncontrollably at your foes. [a neqoxec]
 14729 | D:12     | Escaped the Abyss
 14732 | D:12     | HP: 3/91 [electric eel/bolt of electricity (2)]
 14732 | D:12     | Slain by a water elemental

Skill      XL: |  1  2  3  4  5  6  7  8  9 10 |
---------------+-------------------------------+-----
Polearms       | 1 2 3 4 6 7 8 |  8.8
Armour         | 2 3 4 5 6 7 |  7.5
Fighting       | 4 5 6 |  6.6
Dodging        | 1 |  1.1
Invocations    | 3 4 5 6 8 |  8.3
Shields        | 1 2 3 |  3.2
Axes           | |  1.8

Action                   |  1- 3 |  4- 6 |  7- 9 | 10-12 || total
-------------------------+-------+-------+-------+-------++-------
Melee: Demon trident     |    97 |   252 |   555 |   374 ||  1278
       Kick              |     9 |    47 |   114 |    69 ||   239
Invok: Depart the Abyss  |     1 |       |       |     1 ||     2
       Banish            |       |     1 |     2 |     4 ||     7
       Bend Space        |       |       |     2 |     2 ||     4
       Enter the Abyss   |       |       |       |     1 ||     1
Evoke: Wand              |       |       |       |     4 ||     4
  Use: Scroll            |     2 |     4 |     7 |    10 ||    23
       Potion            |       |     3 |     2 |     8 ||    13
 Stab: Sleeping          |     4 |     2 |       |       ||     6
  Eat: Ration            |     1 |     1 |     2 |     4 ||     8
       Chunk             |       |     5 |    10 |       ||    15
Armor: Leather armour    |    29 |    55 |       |       ||    84
       Crystal plate arm |       |   152 |   485 |   360 ||   997
       Ring mail         |       |    15 |       |       ||    15
Dodge: Dodged            |    54 |    68 |    21 |     9 ||   152
Block: Buckler           |       |    23 |   129 |   110 ||   262
       Reflection        |       |       |       |     2 ||     2
